 Dungeon Crawl Stone Soup version 0.26-a0-52-gd53d4cd058 (webtiles) character file.

Game seed: 1046754919951675087

14 MarredHen the Caller (level 2, -1/15 HPs)
             Began as a Tengu Summoner on June 5, 2020.
             Slain by a hobgoblin
             ... wielding a +0 club
              (3 damage)
             ... on level 1 of the Dungeon.
             The game lasted 00:00:58 (349 turns).

MarredHen the Caller (Tengu Summoner)                Turns: 349, Time: 00:00:59

Health: -1/15      AC:  2    Str:  8    XL:     2   Next: 41%
Magic:  0/6        EV: 12    Int: 15    God:
Gold:   34         SH:  0    Dex: 14    Spells: 4/5 levels left

rFire    . . .     SeeInvis .   (no weapon)
rCold    . . .     Gourm    .   (no shield)
rNeg     . . .     Faith    .   a - +0 robe
rPois    .         Spirit   +   (helmet restricted)
rElec    .         Reflect  .   (no cloak)
rCorr    .         Harm     .   (no gloves)
MR       .....                  (boots unavailable)
Stlth    ++........             b - amulet of guardian spirit
HPRegen  0.05/turn              (no ring)
MPRegen  0.10/turn              (no ring)

@: no status effects
A: beak, talons 3
a: no special abilities


You were on level 1 of the Dungeon.
You were not hungry.

You visited 1 branch of the dungeon, and saw 1 of its levels.

You collected 34 gold pieces.

Inventory:

Armour
 a - a +0 robe (worn)
Jewellery
 b - an amulet of guardian spirit (around neck)
Comestibles
 c - 2 rations


   Skills:
 + Level 2.2 Dodging
 + Level 2.0 Stealth
 + Level 2.4 Spellcasting
 + Level 5.1 Summonings


You had 4 spell levels left.
You knew the following spells:

 Your Spells              Type           Power        Failure   Level  Hunger
a - Summon Small Mammal   Summ           ###.         2%          1    #......

Your spell library contained the following spells:

 Spells                   Type           Power        Failure   Level  Hunger
 Call Imp                 Summ           ###.....     3%          2    ###....
 Call Canine Familiar     Summ           ###.....     8%          3    ###....
 Summon Guardian Golem    Hex/Summ       #.......     22%         3    ###....
 Summon Ice Beast         Ice/Summ       #.......     58%         4    #####..
 Summon Lightning Spire   Summ/Air       #.......     58%         4    #####..


Dungeon Overview and Level Annotations

Branches:
Dungeon (1/15)

Altars:


Innate Abilities, Weirdness & Mutations

You have a beak for a mouth.
You have claws for feet.


Message History

The ball python dies!
The jackal misses you. The jackal bites you.
* * * LOW HITPOINT WARNING * * *
Casting: Summon Small Mammal (safe; 2% risk of failure)
Confirm with . or Enter, or press ? or * to list all spells.
You don't have enough magic to cast that spell.
You barely miss the jackal. The jackal closely misses you.
Your quokka closely misses the jackal.
The jackal misses you.
You hit the jackal but do no damage. You claw the jackal, but do no damage.
Your quokka disappears in a puff of smoke!
The jackal barely misses you.
You hit the jackal. You claw the jackal.
You kill the jackal!
The hobgoblin hits you with a +0 club.
* * * LOW HITPOINT WARNING * * *
There is an open door here.
There is an open door here.
The hobgoblin hits you with a +0 club.
You die...

#...#####..[.####.#
#.......+....+ ...
#..######....# ###
#............#
##.#####.....# #.#
#...(.## ####'##
#.#..†.#
#...g.####+#)...#
#...@.##........#
#.....##.....####
#.....''.....#
#.....##.....#
########.....#
#.....# #######


You could see a hobgoblin.

Vanquished Creatures
  An ooze (D:1)
  2 goblins (D:1)
  A hobgoblin (D:1)
  A jackal (D:1)
5 creatures vanquished.

Vanquished Creatures (collateral kills)
  2 jackals (D:1)
  A ball python (D:1)
  2 bats (D:1)
  A goblin (D:1)
  A rat (D:1)
7 creatures vanquished.

Grand Total: 12 creatures vanquished

Notes
Turn   | Place    | Note
-------+----------+-------------------------------------------
     0 | D:1      | MarredHen the Tengu Summoner began the quest for the Orb.
     0 | D:1      | Reached XP level 1. HP: 10/10 MP: 4/4
   115 | D:1      | Reached skill level 5 in Summonings
   119 | D:1      | Reached XP level 2. HP: 15/15 MP: 0/6
   349 | D:1      | Slain by a hobgoblin

Illustrated notes

Levels and vault maps discovered:
D:1:      onia_arrival_pyramid, layout_basic

Skill      XL: |  1 |
---------------+----+-----
Summonings     | 5 |  5.1
Dodging        | |  2.2
Stealth        | |  2.0
Spellcasting   | |  2.4

Action                   || total
-------------------------++-------
Melee: Unarmed           ||    19
       Kick              ||     6
 Cast: Summon Small Mamm ||    16
Armor: Robe              ||     5
Dodge: Dodged            ||    24

Table legend:
 A = Non-vault XP
 B = Vault XP
 C = Vault XP percentage of total XP
 D = Non-vault monster count
 E = Vault monster count
 F = Vault count percentage of total count
                 A         B        C        D         E       F
            +---------+---------+-------+---------+---------+-------
      Total |      20 |       0 |   0.0 |      12 |       0 |   0.0
            +---------+---------+-------+---------+---------+-------
        D:1 |      20 |       0 |   0.0 |      12 |       0 |   0.0
            +---------+---------+-------+---------+---------+-------
